 Dungeon Crawl Stone Soup version 0.29-a0-92-gee772dd00f (webtiles) character file.

Game seed: 4916075525527657823

66 cyrus the Shield-Bearer (level 4, -5/41 HPs)
             Began as a Gnoll Fighter on Feb 9, 2022.
             Slain by Natasha (8 damage)
             ... on level 2 of the Dungeon.
             The game lasted 00:03:58 (1440 turns).

cyrus the Shield-Bearer (Gnoll Fighter)             Turns: 1440, Time: 00:03:58

Health: -5/41      AC: 10    Str: 15    XL:     4   Next: 15%
Magic:  5/5        EV:  9    Int:  8    God:
Gold:   23         SH:  5    Dex: 13    Spells: 5/5 levels left

rFire   . . .      SeeInvis .   a - +0 long sword
rCold   . . .      Faith    .   c - +0 buckler
rNeg    . . .      Spirit   .   b - +0 scale mail
rPois   .          Reflect  .   (no helmet)
rElec   .          Harm     .   (no cloak)
rCorr   .          Rampage  .   (no gloves)
Will    .....                   f - +1 pair of boots
Stlth   ..........              (no amulet)
HPRegen 0.13/turn               (no ring)
MPRegen 0.09/turn               (no ring)

@: no status effects
A: fangs 1, strong nose, distributed training
a: no special abilities


You were on level 2 of the Dungeon.
You visited 1 branch of the dungeon, and saw 2 of its levels.

You collected 23 gold pieces.

Inventory:

Hand Weapons
 a - a +0 long sword (weapon)
 g - a +0 club
Armour
 b - a +0 scale mail (worn)
 c - a +0 buckler (worn)
 f - a +1 pair of boots (worn)
Scrolls
 d - a scroll of noise {unknown}
 e - a scroll of identify {unknown}
 h - a scroll of teleportation {unknown}
Potions
 i - a potion of curing {unknown}


   Skills:
 + Level 6.6 Fighting
 + Level 1.0 Short Blades
 + Level 4.6 Long Blades
 + Level 1.0 Axes
 + Level 1.0 Maces & Flails
 + Level 1.0 Polearms
 + Level 1.0 Staves
 + Level 1.0 Slings
 + Level 1.0 Bows
 + Level 1.0 Crossbows
 + Level 1.0 Throwing
 + Level 6.6 Armour
 + Level 1.0 Dodging
 + Level 1.0 Stealth
 + Level 6.6 Shields
 + Level 1.0 Unarmed Combat
 + Level 1.0 Spellcasting
 + Level 0.8 Conjurations
 + Level 0.8 Hexes
 + Level 0.8 Summonings
 + Level 0.8 Necromancy
 + Level 0.8 Translocations
 + Level 0.8 Transmutations
 + Level 0.8 Fire Magic
 + Level 0.8 Ice Magic
 + Level 0.8 Air Magic
 + Level 0.8 Earth Magic
 + Level 0.8 Poison Magic
 + Level 1.1 Invocations
 + Level 1.0 Evocations


You had 5 spell levels left.
You didn't know any spells.
Your spell library was empty.

Dungeon Overview and Level Annotations

Branches:
Dungeon (2/15)

Altars:

Annotations:
D:2 Natasha


Innate Abilities, Weirdness & Mutations

You have very sharp teeth.
Your uncanny sense of smell can sniff out nearby items.
Your experience applies equally to all skills.


Message History

The adder bites you but does no damage. The adder bites you.
You slash the adder!
You kill the adder!
You see here an adder corpse.
You see here 21 arrows.
Found a stone staircase leading down.
Natasha, Servant of Life and Death comes into view.
Natasha hisses angrily.
Natasha is nearby!
Found an escape hatch in the ceiling.
Natasha drinks a potion.
Natasha flickers and vanishes!
Deactivating autopickup; reactivate with Ctrl-A.
A quokka comes into view.
You hit something. Something claws you! Something claws you.
You miss something. Something claws you.
You miss something.
The quokka bites you but does no damage.
Something claws you.
You barely miss something. Your bite misses something.
The quokka closely misses you.
You hear some strange, mumbled words.
A magic dart appears from out of thin air!
The magic dart hits you.
You miss something. You block the quokka's attack.
You hear some strange, mumbled words.
Something tries to affect you, but you resist.
The quokka bites you but does no damage.
Something claws you!
* * * LOW HITPOINT WARNING * * *
You miss something. Your bite misses something. The quokka barely misses you.
Something claws you but does no damage.
You barely miss something. The quokka bites you.
* * * LOW HITPOINT WARNING * * *
You block something's attack.
The quokka bites you but does no damage.
You closely miss something. You bite something. You block the quokka's attack.
Something claws you!
* * * LOW HITPOINT WARNING * * *
You miss something. You block the quokka's attack. Something claws you!
You die...

# ###.# #.# #.
#.#########.#.###.####.
#>.....................
#......................
#.####.####........#.##
#........#........
#..#..........####
#..###.####.#.# #@.#
#.# ..#... #..r{.....#
#.#### #.......###.#
#........ #.<.....#.
#.......+.. #.#.###.#
.. #.#. .# #..


You could see a quokka.

Vanquished Creatures
  2 adders (D:2)
  A worm (D:2)
  6 bats (D:1)
  5 endoplasms (D:1)
  A giant cockroach (D:2)
  4 goblins (D:1)
  4 hobgoblins (D:1)
  7 jackals (D:1)
  2 quokkas
  3 ball pythons (D:1)
  3 frilled lizards
  4 rats (D:1)
42 creatures vanquished.

Notes
Turn   | Place    | Note
-------+----------+-------------------------------------------
     0 | D:1      | cyrus the Gnoll Fighter began the quest for the Orb.
     0 | D:1      | Reached XP level 1. HP: 23/23 MP: 1/1
   283 | D:1      | Reached XP level 2. HP: 22/29 MP: 2/2
   877 | D:1      | Reached XP level 3. HP: 35/35 MP: 3/3
   980 | D:1      | Reached skill level 1 in Invocations
  1302 | D:2      | Reached skill level 1 in Short Blades
  1302 | D:2      | Reached skill level 1 in Axes
  1302 | D:2      | Reached skill level 1 in Maces & Flails
  1302 | D:2      | Reached skill level 1 in Polearms
  1302 | D:2      | Reached skill level 1 in Staves
  1302 | D:2      | Reached skill level 1 in Slings
  1302 | D:2      | Reached skill level 1 in Bows
  1302 | D:2      | Reached skill level 1 in Crossbows
  1302 | D:2      | Reached skill level 1 in Throwing
  1302 | D:2      | Reached skill level 1 in Dodging
  1302 | D:2      | Reached skill level 1 in Stealth
  1302 | D:2      | Reached skill level 1 in Unarmed Combat
  1302 | D:2      | Reached skill level 1 in Spellcasting
  1302 | D:2      | Reached skill level 1 in Evocations
  1308 | D:2      | Reached XP level 4. HP: 41/41 MP: 5/5
  1428 | D:2      | Noticed Natasha
  1440 | D:2      | Slain by Natasha

Illustrated notes

Levels and vault maps discovered:
D:1:      nicolae_arrival_memento_mori, layout_basic,
          chequers_serial_rivers_large_b
D:2:      layout_basic, serial_curves, eino_curves_01, eino_curves_03,
          minmay_tromino_v4_c, uniq_natasha, uniq_crazy_yiuf_cottage,
          uniq_sigmund

Skill      XL: |  1  2  3 |
---------------+----------+-----
Invocations    | 1 |  1.1
Short Blades   | 1 |  1.0
Axes           | 1 |  1.0
Maces & Flails | 1 |  1.0
Polearms       | 1 |  1.0
Staves         | 1 |  1.0
Slings         | 1 |  1.0
Bows           | 1 |  1.0
Crossbows      | 1 |  1.0
Throwing       | 1 |  1.0
Dodging        | 1 |  1.0
Stealth        | 1 |  1.0
Unarmed Combat | 1 |  1.0
Spellcasting   | 1 |  1.0
Evocations     | 1 |  1.0
Fighting       | |  6.6
Long Blades    | |  4.6
Armour         | |  6.6
Shields        | |  6.6
Conjurations   | |  0.8
Hexes          | |  0.8
Summonings     | |  0.8
Necromancy     | |  0.8
Translocations | |  0.8
Transmutations | |  0.8
Fire Magic     | |  0.8
Ice Magic      | |  0.8
Air Magic      | |  0.8
Earth Magic    | |  0.8
Poison Magic   | |  0.8

Action                   |  1- 3 |  4- 6 || total
-------------------------+-------+-------++-------
Melee: Long sword        |   136 |    14 ||   150
       Bite              |     9 |     2 ||    11
  Use: Potion            |     1 |       ||     1
Armor: Scale mail        |    74 |     6 ||    80
Dodge: Dodged            |    88 |     5 ||    93
Block: Buckler           |    47 |     4 ||    51

Table legend: (Time is in decaauts)
 A = Elapsed time spent in this place.
 B = Non-inter-level travel time spent in this place.
 C = Inter-level travel time spent in this place.
 D = Time resting spent in this place.
 E = Time spent auto-exploring this place.
 F = Levels seen in this place.
 G = Mean time per level.
                   A        B        C        D        E       F      G
               +--------+--------+--------+--------+--------+-----+--------+
         Total |   1495 |   1495 |      0 |      0 |   1063 |   2 |  747.5 |
       Dungeon |   1495 |   1495 |      0 |      0 |   1063 |   2 |  747.5 |
               +--------+--------+--------+--------+--------+-----+--------+

Top non-repeatable levels by time:
     D:1: 1214 daAuts
     D:2: 281 daAuts
